 Dungeon Crawl Stone Soup version 0.17-a0-146-gd505748 (webtiles) character file.

550 PolkaDot the Jinx (level 7, -5/48 HPs)
             Began as a Vampire Enchanter on Mar 25, 2015.
             Slain by Duvessa
             ... wielding a +0 short sword
              (6 damage)
             ... on level 7 of the Dungeon.
             The game lasted 00:11:53 (2955 turns).

PolkaDot the Jinx (Vampire Enchanter)               Turns: 2955, Time: 00:11:53

Health: -5/48      AC:  4    Str:  7    XL:     7   Next: 7%
Magic:  3/12       EV: 12    Int: 19    God:
Gold:   46         SH:  0    Dex: 14    Spells: 4 memorised, 0 levels left

rFire  . . .     SeeInvis +     a - +2 dagger
rCold  + + .     Clarity  .     b - +1 robe
rNeg   + + +     SustAb   .     (no shield)
rPois  +         Gourm    .     (no helmet)
rElec  .         Spirit   .     h - +0 cloak
rCorr  .         Warding  .     (no gloves)
rMut   .         Stasis   .     (no boots)
MR     .....                    (no amulet)
Stlth  ++++......               (no ring)
                                (no ring)

@: regenerating slowly, not resistant to hostile enchantments, stealthy
A: bottle blood, fangs 3, see invisible, unbreathing
a: Bat Form


You were on level 7 of the Dungeon.
You were near bloodless.

You visited 1 branch of the dungeon, and saw 7 of its levels.

You collected 46 gold pieces.

Inventory:

Hand weapons
 a - a +2 dagger (weapon)
Armour
 b - a +1 robe (worn)
 h - a +0 cloak (worn)
Scrolls
 e - 3 scrolls of remove curse
Potions
 f - a potion of restore abilities
 j - a potion of magic


   Skills:
 + Level 1.0 Fighting
 - Level 3.7 Short Blades
 - Level 2.1 Dodging
 - Level 7.2 Stealth
 - Level 2.0 Spellcasting
 - Level 8.1 Hexes
 - Level 2.1 Ice Magic


You couldn't memorise any spells.
You knew the following spells:

 Your Spells              Type           Power        Failure   Level  Hunger
a - Corona                Hex            ####...      1%          1    #......
c - Confuse               Hex            ####....     1%          3    ###....
d - Ensorcelled Hibernat  Hex/Ice        ###...       3%          2    ###....
e - Enslavement           Hex            ####....     8%          4    #####..


Dungeon Overview and Level Annotations

Branches:
Dungeon (7/15)
 Temple: D:4-7

Altars:
Kikubaaqudgha

Shops:
D:5 ?*

Annotations:
D:7 Dowan, Duvessa


Innate Abilities, Weirdness & Mutations

You heal slowly.
You can bottle blood from corpses.
You have razor-sharp teeth.
You have supernaturally acute eyesight.
You can survive without breathing.


Message History

Drink which item? (? for menu, Esc to quit)
Okay, then.
Use which ability? (? or * to list)
You don't have enough magic at the moment.
Duvessa barely misses you.
Dowan gestures wildly while chanting.
Dowan blinks!
Duvessa misses you.
Casting: Confuse
Confirm with . or Enter, or press ? or * to list all spells.
Aiming: Ensorcelled Hibernation
Press: ? - help, Shift-Dir - straight line, f/p - Duvessa
Aim: Duvessa, wielding a short sword (almost dead, fast, chance 33%)
Okay, then.
Duvessa gestures with her weapon.
Duvessa hits you with a short sword.
* * * LOW HITPOINT WARNING * * *
Duvessa completely misses you. Duvessa hits you with a short sword.
You die...

#..)#.#.#..#
#...#.#.#..#
#.......#..#
#.....# #..#
#.%...###..####
#<#..†##.......
#.#...##...######
#...............#
###@..##e######.#
#.e.##.#
#...##.####...
#...e..........
##..##.####..>
#...##.# #...##.#
#...##.. ##..####


You could see Duvessa and Dowan.

Vanquished Creatures
  Eustachio (D:5)
  A sky beast (D:4)
  2 hounds
  2 jellies
  A centaur zombie (D:5)
  A giant frog skeleton (D:6)
  An iguana (D:4)
  A worker ant (D:5)
  3 gnolls (D:7)
  3 adders (D:4)
  A shadow imp (D:5)
  An ooze (D:3)
  2 orcs
  A giant cockroach (D:5)
  A hobgoblin (D:4)
  4 bats
  3 giant newts
  A goblin (D:3)
  4 kobolds
  6 rats
40 creatures vanquished.

Notes
Turn   | Place    | Note
--------------------------------------------------------------
     0 | D:1      | PolkaDot, the Vampire Enchanter, began the quest for the Orb.
     0 | D:1      | Reached XP level 1. HP: 13/13 MP: 3/3
    86 | D:1      | You fall through a shaft!
   528 | D:4      | Noticed an iguana
   707 | D:4      | Reached skill level 5 in Stealth
   766 | D:4      | Reached XP level 2. HP: 13/19 MP: 2/4
   774 | D:4      | Learned a level 2 spell: Ensorcelled Hibernation
   793 | D:4      | Killed an iguana
   793 | D:4      | Reached XP level 3. HP: 17/24 MP: 1/6
   842 | D:5      | Entered Level 5 of the Dungeon
   842 | D:5      | Found Piomead's Magic Scroll Shoppe.
   845 | D:5      | Noticed Eustachio
   859 | D:5      | Found Roymoyt's Assorted Antiques.
   861 | D:5      | Noticed a sky beast
  1040 | D:4      | Reached skill level 5 in Hexes
  1112 | D:4      | Noticed a phantom
  1126 | D:4      | Learned a level 3 spell: Confuse
  1262 | D:4      | Noticed a hound
  1269 | D:4      | Reached XP level 4. HP: 27/30 MP: 0/7
  1271 | D:4      | Killed a hound
  1272 | D:4      | Noticed a slave
  1566 | D:4      | Found an ancient bone altar of Kikubaaqudgha.
  1614 | D:4      | Killed a sky beast
  1614 | D:4      | Reached skill level 6 in Stealth
  1614 | D:4      | Reached XP level 5. HP: 26/35 MP: 1/9
  1734 | D:5      | Killed Eustachio
  1734 | D:5      | Reached skill level 7 in Hexes
  1734 | D:5      | Reached XP level 6. HP: 15/41 MP: 4/10
  2222 | D:5      | Reached skill level 1 in Fighting
  2841 | D:7      | Reached skill level 8 in Hexes
  2841 | D:7      | Reached XP level 7. HP: 48/48 MP: 4/12
  2905 | D:7      | Learned a level 4 spell: Enslavement
  2911 | D:7      | Noticed Duvessa
  2913 | D:7      | Noticed Dowan
  2951 | D:7      | HP: 1/48 [Duvessa/short sword (3)]
  2955 | D:7      | Slain by Duvessa

Action                   |  1- 3 |  4- 6 |  7- 9 || total
-------------------------+-------+-------+-------++-------
Melee: Dagger            |    32 |    65 |    22 ||   119
 Cast: Corona            |     3 |     1 |       ||     4
       Ensorcelled Hiber |    11 |    16 |     2 ||    29
       Confuse           |     2 |     6 |     3 ||    11
  Use: Potion            |     2 |       |     2 ||     4
       Scroll            |     2 |     3 |       ||     5
 Stab: Sleeping          |    10 |    13 |     2 ||    25
       Confused          |       |     6 |     1 ||     7
  Eat: Corpse            |       |     1 |       ||     1
